NWL (28 & UNDER)
MOOSE JAW GHOSTBUSTERS @ RIVERSIDE RED BULLS
05/01/2029
 
TOP OF THE 1ST
Moose Jaw Ghostbusters batting - Pitching for Riverside Red Bulls : RHP Bret Oliver
Pitching: RHP Bret Oliver
Batting: LHB Darren Holland 0-0: SINGLE (Line Drive, 9LM)
Batting: LHB John Stone 0-0: Called Strike
0-1: Called Strike
0-2: Foul Ball, location: 2F
0-2: Ball
1-2: Fielders Choice at 2nd, 4-6 (Groundball, 4)
Batting: RHB Billy Mullins 0-0: Ball
1-0: Called Strike
1-1: Ground out 4-3 (Groundball, 34)
John Stone to second
Batting: RHB Yasuhiko Sumita 0-0: Called Strike
0-1: Ball
1-1: Fly out, F9 (Flyball, 9S)
Top of the 1st over - 0 runs, 1 hit, 0 errors, 1 left on base; Moose Jaw 0 - Riverside 0
BOTTOM OF THE 1ST
Riverside Red Bulls batting - Pitching for Moose Jaw Ghostbusters : RHP Juan Arreola
Pitching: RHP Juan Arreola
Batting: RHB Bobby Miller 0-0: Foul Ball, location: 2F
0-1: Ball
1-1: Ground out 1-3 (Groundball, 13)
Batting: RHB Gilberto Silva 0-0: Foul Ball, location: 2F
0-1: Ball
1-1: Fly out, F7 (Flyball, 78M)
Batting: RHB José García 0-0: Ball
1-0: Foul Ball, location: 2F
1-1: Foul Ball, location: 2F
1-2: Ball
2-2: Ball
3-2: Ground out 6-3 (Groundball, 6S)
Bottom of the 1st over - 0 runs, 0 hits, 0 errors, 0 left on base; Moose Jaw 0 - Riverside 0
TOP OF THE 2ND
Moose Jaw Ghostbusters batting - Pitching for Riverside Red Bulls : RHP Bret Oliver
Batting: LHB Jon Scott 0-0: Called Strike
0-1: Swinging Strike
0-2: Strikes out swinging
Batting: RHB Aaron Murray 0-0: Ball
1-0: Ball
2-0: Foul Ball, location: 2F
2-1: Ball
3-1: Ground out U3 (Groundball, 34S)
Batting: LHB Tony Beck 0-0: Ball
1-0: Ball
2-0: Fly out, F4 (Popup, 13)
Top of the 2nd over - 0 runs, 0 hits, 0 errors, 0 left on base; Moose Jaw 0 - Riverside 0
BOTTOM OF THE 2ND
Riverside Red Bulls batting - Pitching for Moose Jaw Ghostbusters : RHP Juan Arreola
Batting: RHB Zhong Shui 0-0: SINGLE (Groundball, 34D)
Batting: LHB Miguel Gálvez 0-0: Ball
1-0: Called Strike
1-1: Ball
2-1: Swinging Strike
2-2: Ball
3-2: SINGLE (Groundball, 3D)
Zhong Shui to second
Runner from 2nd tries for 3rd, SAFE, throw made to third
Miguel Gálvez to second
Batting: RHB Patrick Daniels 0-0: Foul Ball, location: 2F
0-1: Foul Ball, location: 2F
0-2: Strikes out swinging
Batting: RHB Robert Stevens 0-0: Ball
1-0: Swinging Strike
1-1: Swinging Strike
1-2: Foul Ball, location: 2F
1-2: Ball
2-2: Ball
3-2: Fly out, F7 (Flyball, 7S)
Batting: RHB Fernando Bórquez 0-0: DOUBLE (Flyball, 8LD)
Zhong Shui scores
Miguel Gálvez scores
Batting: RHB Pete Woods 0-0: Ball
1-0: Fly out, F7 (Flyball, 78XD)
Bottom of the 2nd over - 2 runs, 3 hits, 0 errors, 1 left on base; Moose Jaw 0 - Riverside 2
TOP OF THE 3RD
Moose Jaw Ghostbusters batting - Pitching for Riverside Red Bulls : RHP Bret Oliver
Batting: RHB Bob Cole 0-0: Ball
1-0: Swinging Strike
1-1: SINGLE (Groundball, 23) (infield hit)
Batting: RHB Johnny MacNamara 0-0: Ball
1-0: Called Strike
1-1: DOUBLE (Line Drive, 78D)
Bob Cole to third
Batting: LHB Darren Holland 0-0: Ball
1-0: Called Strike
1-1: Swinging Strike
1-2: Foul Ball, location: 2F
1-2: Strikes out swinging
Batting: LHB John Stone 0-0: Ball
Wild Pitch!
Bob Cole scores
Johnny MacNamara to third
1-0: Foul Ball, location: 2F
1-1: Foul Ball, location: 2F
1-2: TRIPLE (Line Drive, 7D)
Johnny MacNamara scores
Batting: RHB Billy Mullins 0-0: Ball
Wild Pitch!
John Stone scores
1-0: SINGLE (Line Drive, 56D)
Batting: RHB Yasuhiko Sumita 0-0: Grounds into double play, 4-6-3 (Groundball, 4M)
Top of the 3rd over - 3 runs, 4 hits, 0 errors, 0 left on base; Moose Jaw 3 - Riverside 2
BOTTOM OF THE 3RD
Riverside Red Bulls batting - Pitching for Moose Jaw Ghostbusters : RHP Juan Arreola
Batting: RHB Bobby Miller 0-0: Called Strike
0-1: Ball
1-1: Fly out, F8 (Flyball, 8LD)
Batting: RHB Gilberto Silva 0-0: Ground out 5-3 (Groundball, 56)
Batting: RHB José García 0-0: Ground out U3 (Groundball, 3L)
Bottom of the 3rd over - 0 runs, 0 hits, 0 errors, 0 left on base; Moose Jaw 3 - Riverside 2
TOP OF THE 4TH
Moose Jaw Ghostbusters batting - Pitching for Riverside Red Bulls : RHP Bret Oliver
Batting: LHB Jon Scott 0-0: Called Strike
0-1: Fly out, F8 (Flyball, 8RM)
Batting: RHB Aaron Murray 0-0: Ball
1-0: Fly out, F4 (Popup, 4)
Batting: LHB Tony Beck 0-0: Foul Ball, location: 2F
0-1: DOUBLE (Groundball, 3L)
Batting: RHB Bob Cole 0-0: Ball
1-0: Ball
2-0: Called Strike
2-1: SINGLE (Groundball, 34S) (infield hit)
Tony Beck to third
Batting: RHB Johnny MacNamara 0-0: Ball
1-0: Called Strike
1-1: Ball
2-1: Ball
3-1: Fly out, F9 (Line Drive, 89S)
Top of the 4th over - 0 runs, 2 hits, 0 errors, 2 left on base; Moose Jaw 3 - Riverside 2
BOTTOM OF THE 4TH
Riverside Red Bulls batting - Pitching for Moose Jaw Ghostbusters : RHP Juan Arreola
Batting: RHB Zhong Shui 0-0: Called Strike
0-1: Ball
1-1: Ball
2-1: Ball
3-1: Called Strike
3-2: Fly out, F7 (Flyball, 7)
Batting: LHB Miguel Gálvez 0-0: Ball
1-0: Swinging Strike
1-1: Ball
2-1: Fly out, F9 (Flyball, 9S)
Batting: RHB Patrick Daniels 0-0: Foul Ball, location: 2F
0-1: Swinging Strike
0-2: Foul Ball, location: 2F
0-2: SINGLE (Flyball, 9S)
Batting: RHB Robert Stevens 0-0: Called Strike
0-1: Ball
1-1: Swinging Strike
1-2: Fly out, F9 (Flyball, 89M)
Bottom of the 4th over - 0 runs, 1 hit, 0 errors, 1 left on base; Moose Jaw 3 - Riverside 2
TOP OF THE 5TH
Moose Jaw Ghostbusters batting - Pitching for Riverside Red Bulls : RHP Bret Oliver
Batting: LHB Darren Holland 0-0: Foul Ball, location: 2F
0-1: Foul Ball, location: 2F
0-2: Ball
1-2: Ground out 4-3 (Groundball, 4)
Batting: LHB John Stone 0-0: Ball
1-0: Ball
2-0: Ground out 4-3 (Groundball, 4)
Batting: RHB Billy Mullins 0-0: Ball
1-0: Swinging Strike
1-1: Ball
2-1: Ball
3-1: Called Strike
3-2: Foul Ball, location: 2F
3-2: Base on Balls
Batting: RHB Yasuhiko Sumita 0-0: Called Strike
0-1: Ball
1-1: Ball
Wild Pitch!
Billy Mullins to second
2-1: Ball
Wild Pitch!
Billy Mullins to third
3-1: Base on Balls
Batting: LHB Jon Scott 0-0: Foul Ball, location: 2F
0-1: Fly out, F4 (Line Drive, 4)
Top of the 5th over - 0 runs, 0 hits, 0 errors, 2 left on base; Moose Jaw 3 - Riverside 2
BOTTOM OF THE 5TH
Riverside Red Bulls batting - Pitching for Moose Jaw Ghostbusters : RHP Juan Arreola
Batting: RHB Fernando Bórquez 0-0: Ball
1-0: Ball
2-0: Foul Ball, location: 2F
2-1: Ball
3-1: Base on Balls
Batting: RHB Pete Woods 0-0: Called Strike
0-1: Ball
1-1: Fly out, F8 (Flyball, 8RM)
Batting: RHB Bobby Miller 0-0: Ball
1-0: Ball
2-0: Ball
3-0: Base on Balls
Fernando Bórquez to second
Batting: RHB Gilberto Silva 0-0: Called Strike
0-1: Ball
1-1: Ball
2-1: Foul Ball, location: 2F
2-2: Fly out, F6 (Popup, P)
Batting: RHB José García 0-0: Called Strike
0-1: Ball
1-1: SINGLE (Line Drive, 9S)
Fernando Bórquez to third
Bobby Miller to second
Runner from 3rd tries for Home, SAFE, throw made home
Batting: RHB Zhong Shui 0-0: Ball
1-0: Ball
2-0: Foul Ball, location: 2F
2-1: Foul Ball, location: 2F
2-2: Strikes out swinging
Bottom of the 5th over - 1 run, 1 hit, 0 errors, 2 left on base; Moose Jaw 3 - Riverside 3
TOP OF THE 6TH
Moose Jaw Ghostbusters batting - Pitching for Riverside Red Bulls : RHP Bret Oliver
Batting: RHB Aaron Murray 0-0: Ball
1-0: Ball
2-0: Swinging Strike
2-1: Ball
3-1: Base on Balls
Batting: LHB Tony Beck 0-0: Foul Ball, location: 2F
0-1: Ball
1-1: Ball
2-1: Ground out 3-1 (Groundball, 34S)
Aaron Murray to second
Batting: RHB Bob Cole 0-0: Ball
1-0: Called Strike
1-1: Ball
2-1: Fly out, F9 (Line Drive, 9)
Batting: RHB Johnny MacNamara 0-0: Called Strike
0-1: SINGLE (Flyball, 9LM)
Aaron Murray to third
Runner from 3rd tries for Home, SAFE, throw made home
Batting: LHB Darren Holland 0-0: Foul Ball, location: 2F
0-1: Fly out, F7 (Line Drive, 7)
Top of the 6th over - 1 run, 1 hit, 0 errors, 1 left on base; Moose Jaw 4 - Riverside 3
BOTTOM OF THE 6TH
Riverside Red Bulls batting - Pitching for Moose Jaw Ghostbusters : RHP Juan Arreola
Batting: LHB Miguel Gálvez 0-0: Ball
1-0: Ball
2-0: Ball
3-0: Base on Balls
Batting: RHB Patrick Daniels 0-0: Ball
1-0: Called Strike
1-1: Ball
2-1: Fly out, F7 (Flyball, 7S)
Batting: RHB Robert Stevens 0-0: Called Strike
0-1: Ball
1-1: Called Strike
1-2: Ball
2-2: Foul Ball, location: 2F
2-2: Foul Ball, location: 2F
2-2: Ball
3-2: Strikes out swinging
Pitching: LHP Javier Galeas
Batting: RHB Fernando Bórquez 0-0: Ground out 5-3 (Groundball, 56S)
Bottom of the 6th over - 0 runs, 0 hits, 0 errors, 1 left on base; Moose Jaw 4 - Riverside 3
TOP OF THE 7TH
Moose Jaw Ghostbusters batting - Pitching for Riverside Red Bulls : RHP Bret Oliver
Pitching: RHP Juan Herrera
Batting: LHB John Stone 0-0: Ball
1-0: Ball
2-0: Called Strike
2-1: Ball
3-1: Base on Balls
Batting: RHB Billy Mullins 0-0: Called Strike
0-1: Ball
1-1: Ball
2-1: Foul Ball, location: 2F
2-2: Foul Ball, location: 2F
2-2: Foul Ball, location: 2F
2-2: Ball
3-2: Fly out, F9 (Flyball, 9LS)
Batting: RHB Yasuhiko Sumita 0-0: Ball
1-0: Foul Ball, location: 2F
1-1: Ball
2-1: SINGLE (Flyball, 78S)
John Stone to second
Pinch Hitting: SHB Glenn Vadnais 0-0: Ball
1-0: Ball
2-0: Ball
3-0: Base on Balls
John Stone to third
Yasuhiko Sumita to second
Batting: RHB Aaron Murray 0-0: Ball
1-0: Ball
2-0: SINGLE (Groundball, 6MD)
John Stone scores
Yasuhiko Sumita to third
Glenn Vadnais to second
Runner from 3rd tries for Home, SAFE, throw made home
Pitching: RHP Shawn Montoya
Batting: LHB Tony Beck 0-0: Foul Ball, location: 2F
0-1: Ball
1-1: Swinging Strike
1-2: Fielders Choice at 2nd, 4-6 (Groundball, 4M)
Glenn Vadnais to third
Batting: RHB Bob Cole 0-0: SINGLE (Groundball, 6MD)
Glenn Vadnais scores
Tony Beck to second
Batting: RHB Johnny MacNamara 0-0: Ball
1-0: Swinging Strike
1-1: Foul Ball, location: 2F
1-2: Foul Ball, location: 2F
1-2: Ball
2-2: Strikes out looking
Top of the 7th over - 3 runs, 3 hits, 0 errors, 2 left on base; Moose Jaw 7 - Riverside 3
BOTTOM OF THE 7TH
Riverside Red Bulls batting - Pitching for Moose Jaw Ghostbusters : LHP Javier Galeas
Now in LF: Glenn Vadnais
Batting: RHB Pete Woods 0-0: Ball
1-0: Ball
2-0: Foul Ball, location: 2F
2-1: Called Strike
2-2: Ball
3-2: Foul Ball, location: 2F
3-2: Ground out 6-3 (Groundball, 6)
Batting: RHB Bobby Miller 0-0: Foul Ball, location: 2F
0-1: Ball
1-1: Foul Ball, location: 2F
1-2: SINGLE (Line Drive, 8LS)
Batting: RHB Gilberto Silva 0-0: Ball
Bobby Miller steals 2nd base
1-0: Fly out, F9 (Line Drive, 89M)
Batting: RHB José García 0-0: Called Strike
0-1: Fly out, F9 (Flyball, 9)
Bottom of the 7th over - 0 runs, 1 hit, 0 errors, 1 left on base; Moose Jaw 7 - Riverside 3
TOP OF THE 8TH
Moose Jaw Ghostbusters batting - Pitching for Riverside Red Bulls : RHP Shawn Montoya
Batting: LHB Darren Holland 0-0: Ball
1-0: Foul Ball, location: 2F
1-1: Ball
2-1: Foul Ball, location: 2F
2-2: SINGLE (Line Drive, 34D)
Batting: LHB John Stone 0-0: Ball
1-0: Sac Bunt - play at first, batter OUT! 2-4
Darren Holland to second
Batting: RHB Billy Mullins 0-0: Ball
1-0: Ball
2-0: Ground out 5-3 (Groundball, 5S)
Darren Holland to third
Batting: RHB Yasuhiko Sumita 0-0: Ball
1-0: Called Strike
1-1: Called Strike
1-2: Ball
2-2: Ball
3-2: Foul Ball, location: 2F
3-2: SINGLE (Groundball, 56D)
Darren Holland scores
Batting: SHB Glenn Vadnais 0-0: Fly out, F8 (Line Drive, 8LM)
Top of the 8th over - 1 run, 2 hits, 0 errors, 1 left on base; Moose Jaw 8 - Riverside 3
BOTTOM OF THE 8TH
Riverside Red Bulls batting - Pitching for Moose Jaw Ghostbusters : LHP Javier Galeas
Batting: RHB Zhong Shui 0-0: Foul Ball, location: 2F
0-1: Foul Ball, location: 2F
0-2: Foul Ball, location: 2F
0-2: Ball
1-2: Foul Ball, location: 2F
1-2: Foul Ball, location: 2F
1-2: Ball
2-2: Foul Ball, location: 2F
2-2: Ball
3-2: SOLO HOME RUN (Flyball, 7D), Distance : 396 ft
Batting: LHB Miguel Gálvez 0-0: Ball
1-0: Ball
2-0: Ball
3-0: Base on Balls
Batting: RHB Patrick Daniels 0-0: Ball
1-0: Ball
2-0: Fly out, F8 (Flyball, 78XD)
Runner from 1st tags up, SAFE at 2nd
Batting: RHB Robert Stevens 0-0: Ball
1-0: Foul Ball, location: 2F
1-1: Ball
2-1: Foul Ball, location: 2F
2-2: Ball
3-2: Base on Balls
Batting: RHB Fernando Bórquez 0-0: Ball
1-0: Called Strike
1-1: Called Strike
1-2: Strikes out swinging
Batting: RHB Pete Woods 0-0: Ball
1-0: Foul Ball, location: 2F
1-1: Ball
2-1: DOUBLE (Line Drive, 7LD)
Miguel Gálvez scores
Robert Stevens to third
Pitching: RHP José Orozco
Batting: RHB Bobby Miller 0-0: Called Strike
0-1: Ball
1-1: SINGLE (Groundball, P) (infield hit)
Robert Stevens scores
Pete Woods to third
Batting: RHB Gilberto Silva Pickoff Throw to First - Error! E1
Pete Woods scores
Bobby Miller to second
0-0: Called Strike
0-1: Foul Ball, location: 2F
0-2: Ball
1-2: Ground out 5-3 (Groundball, 5S)
Bottom of the 8th over - 4 runs, 3 hits, 1 error, 1 left on base; Moose Jaw 8 - Riverside 7
TOP OF THE 9TH
Moose Jaw Ghostbusters batting - Pitching for Riverside Red Bulls : RHP Shawn Montoya
Batting: RHB Aaron Murray 0-0: Called Strike
0-1: Ball
1-1: Ball
2-1: Called Strike
2-2: Ball
3-2: Base on Balls
Batting: LHB Tony Beck 0-0: Foul Ball, location: 2F
0-1: Ball
1-1: SINGLE (Line Drive, 9LM)
Aaron Murray to second
Batting: RHB Bob Cole 0-0: Swinging Strike
0-1: Ball
1-1: Fielders Choice at 2nd, 6-4 (Groundball, 6)
Aaron Murray to third
Batting: RHB Johnny MacNamara 0-0: Ball
1-0: Called Strike
1-1: Ball
2-1: Foul Ball, location: 2F
2-2: Foul Ball, location: 2F
2-2: Ball
Bob Cole is caught stealing 2nd base
3-2: Foul Ball, location: 2F
3-2: Fly out, F9 (Flyball, 9S)
Top of the 9th over - 0 runs, 1 hit, 0 errors, 1 left on base; Moose Jaw 8 - Riverside 7
BOTTOM OF THE 9TH
Riverside Red Bulls batting - Pitching for Moose Jaw Ghostbusters : RHP José Orozco
Pitching: RHP Pancho Hernández
Batting: RHB José García 0-0: Ball
1-0: Ground out 4-3 (Groundball, 34)
Batting: RHB Zhong Shui 0-0: Called Strike
0-1: Ball
1-1: Swinging Strike
1-2: Foul Ball, location: 2F
1-2: Ball
2-2: Ball
3-2: Fly out, F8 (Flyball, 8LD)
Batting: LHB Miguel Gálvez 0-0: Ball
1-0: Ball
2-0: Ball
3-0: Called Strike
3-1: Base on Balls
Batting: RHB Patrick Daniels 0-0: Ball
1-0: Ball
2-0: Foul Ball, location: 2F
2-1: SINGLE (Flyball, 9LM)
Miguel Gálvez to second
Runner from 2nd tries for 3rd, SAFE, throw made to third
Batting: RHB Robert Stevens 0-0: Ball
1-0: Called Strike
1-1: Foul Ball, location: 2F
1-2: Fly out, F8 (Flyball, 78M)
Bottom of the 9th over - 0 runs, 1 hit, 0 errors, 2 left on base; Moose Jaw 8 - Riverside 7
Saturday, December 16th, 2017 - OOTP Baseball 18.8 Build 76